 Dungeon Crawl Stone Soup version 0.27.1-2-g3b301248ec (webtiles) character file.

Game seed: 7239460919217600325

354 Jahmms the Shield-Bearer (level 6, 0/53 HPs)
             Began as a Hill Orc Fighter on Oct 1, 2021.
             Was a Follower of Trog.
             Killed from afar by an orc wizard (6 damage)
             ... with a magic dart
             ... on level 4 of the Dungeon.
             The game lasted 00:30:06 (3991 turns).

Jahmms the Shield-Bearer (Hill Orc Fighter)         Turns: 3991, Time: 00:30:09

Health: 0/53       AC: 11    Str: 21    XL:     6   Next: 63%
Magic:  15/15      EV:  8    Int:  8    God:    Trog [*.....]
Gold:   101        SH: 10    Dex: 10    Spells: 5/5 levels left

rFire    . . .     SeeInvis .   s - +1 mace (drain)
rCold    . . .     Faith    .   c - +0 kite shield
rNeg     . . .     Spirit   .   b - +0 scale mail
rPois    .         Reflect  .   (no helmet)
rElec    .         Harm     .   (no cloak)
rCorr    .         Rampage  .   (no gloves)
Will     .....                  (no boots)
Stlth    ..........             f - amulet of regeneration {yo}
HPRegen  1.17/turn              j - ring of magical power
MPRegen  0.14/turn              m - +4 ring of protection

@: hasted, very quick
A: no striking features
a: Renounce Religion, Berserk


You were on level 4 of the Dungeon.
You worshipped Trog.
Trog was aware of your devotion.
You visited 1 branch of the dungeon, and saw 4 of its levels.
You also visited: Sewer.

You collected 101 gold pieces.

Inventory:

Hand Weapons
 a - a +0 war axe
 d - a +0 giant club
 h - a +0 spear
 s - a +1 mace of draining (weapon)
 u - a +0 spear
 v - a +0 dagger
 w - a +0 club
Missiles
 q - 27 poisoned darts (quivered)
 x - 25 arrows
Armour
 b - a +0 scale mail (worn)
 c - a +0 kite shield (worn)
 i - a +0 leather armour
 t - a +0 leather armour
Magical Staves
 e - a staff of cold
Jewellery
 f - an amulet of regeneration (around neck) {yo}
 j - a ring of magical power (left hand)
 k - a ring of resist corrosion
 m - a +4 ring of protection (right hand)
Scrolls
 g - a scroll of enchant armour {unknown}
 l - 5 scrolls of identify {unknown}
 o - 2 scrolls of noise {unknown}
 p - 2 scrolls of teleportation {unknown}
 r - a scroll of silence {unknown}


   Skills:
 + Level 4.4 Fighting
 + Level 4.2(4.5) Axes
 + Level 1.6(2.8) Maces & Flails
 + Level 4.6 Armour
 + Level 1.0 Dodging
 + Level 1.0 Stealth
 + Level 5.2 Shields


You had 5 spell levels left.
You didn't know any spells.
Your spell library contained the following spells:

 Spells                   Type           Power      Damage    Failure   Level
 Animate Skeleton         Necr           0%         N/A       99%         1
 Pain                     Necr           0%         1d4       99%         1
 Vampiric Draining        Necr           0%         2d6       100%        3


Dungeon Overview and Level Annotations

Branches:
Dungeon (4/15)              Sewer (visited)
 Temple: D:4-7

Altars:
Trog

Shops:
D:3 [


Message History

The orc wizard casts a spell.
The orc wizard flickers and vanishes!
Deactivating autopickup; reactivate with Ctrl-A.
You feel sick.
You are no longer poisoned.
The orc throws a boomerang.
The boomerang hits you but does no damage.
Found a stone staircase leading up.
The orc throws a boomerang.
You block the boomerang.
The orc priest looks braver for a moment.
The orc throws a boomerang.
The boomerang hits you but does no damage.
The orc throws a boomerang.
The boomerang hits you but does no damage.
The orc priest looks encouraged for a moment.
The orc priest invokes the aid of Beogh against you.
Beogh smites you!
* * * LOW HITPOINT WARNING * * *
The orc throws a boomerang.
Something hits you but does no damage. Something hits you but does no damage.
The orc priest invokes the aid of Beogh against you.
Beogh smites you!
* * * LOW HITPOINT WARNING * * *
You miss something.
The orc throws a boomerang.
You block the boomerang.
The orc priest shouts, "Surrender to Beogh and we'll let you live!"
You block the orc priest's attack.
The orc throws a boomerang.
The boomerang hits you but does no damage.
You barely miss the orc priest.
The orc priest is moderately wounded.
Something hits you but does no damage.
The orc priest hits you with a +0 flail.
* * * LOW HITPOINT WARNING * * *
You hit the orc priest. You drain the orc priest.
You kill the orc priest!
Trog accepts your kill.
You can now go berserk at will.
You hear some strange, mumbled words.
A magic dart appears from out of thin air!
The magic dart hits you.
You die...

<.######..####......#
.>.......## ##......#
.....########.......#
.o. ...........# .
#######.####
#####.....#
#...#.....#
#.#...#o....#
#.....@)#####
###..{.## #.<.##
#...# #...# #...#
#####


You could see an orc.

Vanquished Creatures
  An ogre (D:3)
  A phantom (D:3)
  An orc priest (D:4)
  An orc wizard (D:4)
  7 adders
  A gnoll (D:3)
  5 worms
  4 dart slugs
  An orc (D:4)
  9 ball pythons
  8 bats
  6 endoplasms
  2 giant cockroaches (D:3)
  5 goblins
  8 hobgoblins
  2 jackals (D:2)
  2 quokkas
  6 frilled lizards
  6 kobolds
  13 rats
89 creatures vanquished.

Notes
Turn   | Place    | Note
-------+----------+-------------------------------------------
     0 | D:1      | Jahmms the Hill Orc Fighter began the quest for the Orb.
     0 | D:1      | Reached XP level 1. HP: 19/19 MP: 1/1
   206 | D:1      | Reached XP level 2. HP: 27/27 MP: 2/2
   869 | D:1      | Reached XP level 3. HP: 33/33 MP: 3/3
  1711 | D:2      | Reached skill level 4 in Shields
  1907 | D:2      | Reached XP level 4. HP: 40/40 MP: 4/4
  2711 | D:3      | Found Hiosoif's Antique Armour Shoppe.
  2747 | D:3      | Noticed a phantom
  2748 | D:3      | Found a faded altar of an unknown god.
  2775 | D:3      | Killed a phantom
  2776 | D:3      | Reached XP level 5. HP: 17/46 MP: 5/5
  2873 | D:3      | Found a bloodstained altar of Trog.
  2900 | D:3      | Became a worshipper of Trog the Wrathful
  3014 | D:3      | Reached skill level 1 in Maces & Flails
  3059 | D:3      | Found a glowing drain.
  3069 | Sewer    | Entered a sewer
  3380 | D:3      | Noticed an ogre
  3387 | D:3      | Killed an ogre
  3388 | D:3      | Reached skill level 1 in Stealth
  3388 | D:3      | Reached skill level 5 in Shields
  3388 | D:3      | Reached XP level 6. HP: 33/53 MP: 6/6
  3415 | D:3      | Reached skill level 1 in Dodging
  3938 | D:4      | Noticed an orc warrior
  3991 | D:4      | Reached * piety under Trog
  3991 | D:4      | Killed from afar by an orc wizard

Illustrated notes

Levels and vault maps discovered:
D:1:      amcnicky_arrival_blooded_trapdoor, layout_basic,
          minmay_misc_feat_cross
D:2:      layout_loops_corners, minmay_fractal_squares_gapless_5
D:3:      minmay_razor_zed, layout_rooms, trog_hazing_becter, serial_shops,
          shop, lightli_sewer_entry_pipes, ebering_ecumenical_altar_box
D:4:      layout_rooms, mainiacjoe_overflow_alcove_1, serial_bayou_pond_a

Skill      XL: |  1  2  3  4  5  6 |
---------------+-------------------+-----
Axes           | 3 4 |  4.2
Shields        | 4 5 |  5.2
Fighting       | 4 |  4.4
Armour         | 4 |  4.6
Maces & Flails | 1 |  1.6
Stealth        | 1 |  1.0
Dodging        | 1 |  1.0

Action                   |  1- 3 |  4- 6 || total
-------------------------+-------+-------++-------
Melee: War axe           |   121 |    53 ||   174
       Mace              |       |   143 ||   143
  Use: Potion            |       |     5 ||     5
Armor: Scale mail        |    96 |   133 ||   229
Dodge: Dodged            |    70 |    83 ||   153
Block: Kite shield       |    83 |   141 ||   224
